 Dungeon Crawl Stone Soup version 0.18.1-47-g9310371 (webtiles) character file.

1490 Peloso the Shield-Bearer (level 8, 0/71 HPs)
             Began as a Minotaur Fighter on June 18, 2016.
             Shot with a sling bullet by Joseph (7 damage)
             ... on level 7 of the Dungeon.
             The game lasted 00:10:59 (4795 turns).

Peloso the Shield-Bearer (Minotaur Fighter)         Turns: 4795, Time: 00:11:00

Health: 0/71       AC: 13    Str: 21    XL:     8   Next: 51%
Magic:  7/7        EV:  8    Int: 11    God:
Gold:   341        SH: 11    Dex: 12    Spells: 0 memorised, 7 levels left

rFire  + . .     SeeInvis .     H - +3 falchion of Undoing {pain, Int+6}
rCold  x . .     Gourm    .     u - +0 chain mail
rNeg   . . .     Faith    .     c - +0 shield
rPois  .         Spirit   .     (helmet restricted)
rElec  .         Dismiss  .     A - +0 cloak
rCorr  .         Reflect  .     v - +0 pair of gloves
SustAt .         Harm     .     (no boots)
MR     .....                    (no amulet)
Stlth  ..........               D - ring of fire
                                d - +6 ring of slaying

@: not resistant to hostile enchantments, extremely unstealthy
A: retaliatory headbutt, horns 2
a: no special abilities


You were on level 7 of the Dungeon.
You were hungry.

You visited 1 branch of the dungeon, and saw 7 of its levels.

You collected 341 gold pieces.

Inventory:

Hand Weapons
 a - a +1 long sword
 w - a +0 short sword of speed
 H - the +3 falchion of Undoing (weapon) {pain, Int+6}
   (You found it on level 6 of the Dungeon)

   In the hands of one skilled in necromantic magic, it inflicts extra damage on
   living creatures.
   It affects your intelligence (+6).
Armour
 c - a +0 shield (worn)
 u - a +0 chain mail (worn)
 v - a +0 pair of gloves (worn)
 A - a +0 cloak (worn)
 E - a +0 robe
Jewellery
 d - a +6 ring of slaying (left hand)
 g - an uncursed ring of protection from magic
 x - an uncursed ring of wizardry
 D - a ring of fire (right hand)
Wands
 C - a wand of teleportation (3/9)
Scrolls
 b - 3 scrolls of fear {unknown}
 e - 6 scrolls of teleportation {unknown}
 j - 2 scrolls of blinking {unknown}
 k - 9 scrolls of remove curse
 l - 3 scrolls of recharging
 n - 4 scrolls of amnesia
 y - 2 scrolls of identify
 F - a scroll of enchant weapon
Potions
 h - 3 potions of curing
 i - 3 potions of agility
 q - 4 potions of brilliance {unknown}
 r - a potion of flight
 s - a potion of magic
 z - 2 potions of haste {unknown}
 G - a potion of resistance {unknown}
Books
 m - a book of Air

   Spells                             Type                      Level
   a - Shock                          Conjuration/Air              1
   b - Swiftness                      Charms/Air                   2
   c - Repel Missiles                 Charms/Air                   2
   d - Static Discharge               Conjuration/Air              3
   e - Lightning Bolt                 Conjuration/Air              5
 t - a book of Minor Magic

   Spells                             Type                      Level
   a - Magic Dart                     Conjuration                  1
   b - Blink                          Translocation                2
   c - Call Imp                       Summoning                    2
   d - Repel Missiles                 Charms/Air                   2
   e - Slow                           Hexes                        2
   f - Conjure Flame                  Conjuration/Fire             3
   g - Mephitic Cloud                 Conjuration/Poison/Air       3
 B - an Akashic Record

   Spells                             Type                      Level
   a - Dispersal                      Translocation                6
   b - Malign Gateway                 Summoning/Translocation      7
   c - Disjunction                    Translocation                8
   d - Controlled Blink               Translocation                8
Comestibles
 f - 5 bread rations
 o - 2 meat rations
 p - 2 fruits
 I - 2 chunks of flesh


   Skills:
 + Level 6.4 Fighting
 + Level 5.8 Long Blades
 + Level 6.9 Armour
 + Level 4.4 Dodging
 + Level 0.3 Stealth
 + Level 7.5 Shields


You had 7 spell levels left.
You didn't know any spells.

Dungeon Overview and Level Annotations

Branches:
Dungeon (7/15)
 Temple: D:4-7

Altars:
Elyvilon
Vehumet
Xom
Yredelemnul

Annotations:
D:7 Joseph


Innate Abilities, Weirdness & Mutations

You reflexively headbutt those who attack you in melee.
You have a pair of horns on your head.


Message History

Unknown command.
You hit Joseph. You headbutt Joseph.
Joseph is heavily wounded.
You block Joseph's attack. You block the orc priest's attack.
The orc warrior misses you. Joseph hits you with a quarterstaff!
* * * LOW HITPOINT WARNING * * *
Drink which item? (? for menu, Esc to quit)
Okay, then.
The orc wizard casts a spell.
The orc wizard flickers and vanishes!
Deactivating autopickup; reactivate with Ctrl-A.
Joseph unwields an uncursed quarterstaff.
Joseph wields a hunting sling.
Joseph shoots a sling bullet.
You block the sling bullet.
The orc warrior hits you with a short sword!
* * * LOW HITPOINT WARNING * * *
You see here a sling bullet.
Drink which item? (? for menu, Esc to quit)
You feel better.
Joseph shoots a sling bullet.
The sling bullet hits you!
You die...

# ... #.#.# #
#.#.# #.###.#.##
.........
........# # .
#.#)##o##... ...
##.oo.@....#
.....#...@##.#.##
.......<..# ..
?#...............
#.#......#..!.###
#.....#..##.#.#
#......... .# #
##....#..## #
##.#.#..# ....
...


You could see Joseph, an orc warrior, an orc priest and an orc.

Vanquished Creatures
  Grinder (D:3)
  The ghost of Calamarain the Skirmisher, an amateur GrMo (D:4)
  An ice beast (D:6)
  A black bear (D:6)
  2 centaurs
  A crocodile (D:6)
  A scorpion (D:4)
  3 crimson imps (D:6)
  2 hounds
  3 jellies (D:6)
  Crazy Yiuf (D:2)
  An orc priest (D:7)
  2 giant frog skeletons (D:6)
  3 orc wizards
  Jessica (D:3)
  An iguana (D:6)
  2 worker ants
  A worker ant zombie (D:6)
  5 adders
  2 oozes
  2 adder zombies (D:5)
  2 worms (D:2)
  2 dart slugs (D:1)
  4 giant geckos
  8 orcs
  2 ball pythons (D:2)
  9 bats
  7 giant cockroaches
  5 goblins
  3 hobgoblins
  4 jackals (D:2)
  3 quokkas
  A giant gecko skeleton (D:4)
  2 giant newts
  11 kobolds
  9 rats
  2 fungi (D:2)
111 creatures vanquished.

Vanquished Creatures (others)
  An orc warrior (D:6)
  2 giant frogs (D:6)
  A hound (D:6)
  An adder (D:6)
  A giant gecko (D:6)
  A giant newt (D:6)
7 creatures vanquished.

Grand Total: 118 creatures vanquished

Notes
Turn   | Place    | Note
--------------------------------------------------------------
     0 | D:1      | Peloso the Minotaur Fighter began the quest for the Orb.
     0 | D:1      | Reached XP level 1. HP: 19/19 MP: 0/0
   153 | D:1      | Reached XP level 2. HP: 27/27 MP: 1/1
   248 | D:1      | Reached skill level 4 in Shields
   664 | D:2      | Reached XP level 3. HP: 33/33 MP: 2/2
   687 | D:2      | Reached skill level 1 in Dodging
   915 | D:3      | Noticed Jessica
   980 | D:4      | Reached XP level 4. HP: 35/40 MP: 3/3
  1519 | D:4      | Reached skill level 5 in Shields
  1519 | D:4      | Reached XP level 5. HP: 41/46 MP: 4/4
  1569 | D:4      | Noticed Calamarain's ghost (amateur GrMo)
  1592 | D:4      | Killed Calamarain's ghost
  1592 | D:4      | Reached skill level 5 in Armour
  1592 | D:4      | Reached XP level 6. HP: 53/53 MP: 5/5
  1714 | D:5      | Entered Level 5 of the Dungeon
  1746 | D:5      | Reached skill level 6 in Shields
  2344 | D:5      | Reached XP level 7. HP: 57/60 MP: 6/6
  2487 | D:5      | Found a radiant altar of Vehumet.
  2891 | D:2      | Found a basalt altar of Yredelemnul.
  3511 | D:2      | Found a white marble altar of Elyvilon.
  3722 | D:2      | Noticed Crazy Yiuf
  3727 | D:2      | Killed Crazy Yiuf
  3761 | D:3      | Noticed Grinder
  3770 | D:3      | Killed Jessica
  3777 | D:3      | Killed Grinder
  3777 | D:3      | Reached skill level 5 in Fighting
  3874 | D:3      | Reached skill level 7 in Shields
  4158 | D:6      | Reached XP level 8. HP: 65/69 MP: 7/7
  4184 | D:6      | Found a shimmering altar of Xom.
  4276 | D:6      | Reached skill level 5 in Long Blades
  4311 | D:6      | Got a jewelled falchion
  4312 | D:6      | Identified the +3 falchion of Undoing {pain, Int+6} (You found it on level 6 of the Dungeon)
  4784 | D:7      | Noticed Joseph
  4794 | D:7      | HP: 1/71 [orc warrior/short sword (9)]
  4795 | D:7      | Shot with a sling bullet by Joseph

Skill      XL: |  1  2  3  4  5  6  7  8 |
---------------+-------------------------+-----
Fighting       | 4 5 6 |  6.4
Shields        | 4 5 6 7 |  7.5
Dodging        | 1 2 3 4 |  4.4
Armour         | 4 5 6 |  6.9
Long Blades    | 3 4 5 |  5.8
Stealth        | |  0.3

Action                   |  1- 3 |  4- 6 |  7- 9 || total
-------------------------+-------+-------+-------++-------
Melee: Long sword        |    85 |    77 |    90 ||   252
       Headbutt          |    13 |    16 |    25 ||    54
       Falchion          |       |       |    24 ||    24
  Use: Scroll            |    10 |     1 |       ||    11
       Potion            |       |     1 |     1 ||     2
  Eat: Chunk             |       |     5 |     7 ||    12
Armor: Scale mail        |    49 |     2 |       ||    51
       Chain mail        |       |    45 |    49 ||    94
Dodge: Dodged            |    34 |    18 |    29 ||    81
Block: Shield            |    51 |    39 |    73 ||   163
